 Dungeon Crawl Stone Soup version 0.23.2-1-ga50397a (webtiles) character file.

Game seed: 15581358790356811673

582 Fang the Skirmisher (level 7, -4/44 HPs)
             Began as a Gargoyle Berserker on May 13, 2019.
             Was an Elder of Trog.
             Slain by a mummy (10 damage)
             ... in an ossuary on May 14, 2019.
             The game lasted 00:05:39 (3394 turns).

Fang the Skirmisher (Gargoyle Berserker)            Turns: 3394, Time: 00:05:39

Health: -4/44      AC: 16    Str: 23    XL:     7   Next: 36%
Magic:  7/7        EV:  8    Int: 10    God:    Trog [****..]
Gold:   258        SH:  0    Dex:  9    Spells: 6/6 levels left

rFire    . . .     SeeInvis .   a - +0 hand axe
rCold    . . .     Gourm    .   (no shield)
rNeg     + . .     Faith    .   b - +0 plate armour
rPois    ∞         Spirit   .   (no helmet)
rElec    +         Reflect  .   (no cloak)
rCorr    .         Harm     .   (no gloves)
MR       ++...                  (no boots)
Stlth    ..........             (no amulet)
HPRegen  1.14/turn              l - ring of stealth
MPRegen  0.10/turn              m - +3 ring of intelligence

@: berserk cooldown, regenerating, slowed, very slow
A: negative energy resistance 1, electricity resistance, unbreathing,
petrification resistance, rot immunity, AC +4
a: Berserk, Trog's Hand, Brothers in Arms, Renounce Religion


You were in an ossuary.
You worshipped Trog.
Trog was greatly pleased with you.
You were hungry.

You visited 2 branches of the dungeon, and saw 6 of its levels.
You also visited: Ossuary.

You collected 258 gold pieces.

Inventory:

Hand Weapons
 a - a +0 hand axe (weapon)
Armour
 b - a +0 plate armour (worn)
Jewellery
 l - a ring of stealth (left hand)
 m - a +3 ring of intelligence (right hand)
Wands
 d - a wand of paralysis (9)
 k - a wand of acid (12)
Scrolls
 e - a scroll of random uselessness {unknown}
 h - 5 scrolls of identify {unknown}
 i - a scroll of immolation {unknown}
 j - 5 scrolls of teleportation {unknown}
 n - 3 scrolls of remove curse {unknown}
 o - a scroll of fear {unknown}
 r - a scroll of fog {unknown}
 u - a scroll of noise {unknown}
 w - a scroll of amnesia {unknown}
 x - 2 scrolls of enchant armour {unknown}
Potions
 f - 2 potions of mutation {unknown}
 g - 2 potions of curing {unknown}
 p - 2 potions of degeneration {unknown}
 q - a potion of magic {unknown}
 s - 2 potions of experience {unknown}
 t - a potion of cancellation {unknown}
 v - 2 potions of resistance {unknown}
Comestibles
 c - 14 rations
 z - a chunk of flesh


   Skills:
 + Level 5.3 Fighting
 + Level 4.3 Axes
 + Level 4.6 Armour
 + Level 3.5 Dodging


You had 6 spell levels left.
You didn't know any spells.
Your spell library was empty.

Dungeon Overview and Level Annotations

Branches:
Dungeon (5/15)             Temple (1/1) D:4

Altars:
Elyvilon
Yredelemnul


Innate Abilities, Weirdness & Mutations

You are resistant to torment.
Your stone body is resilient. (AC +4)
You are immune to poison.
You resist negative energy. (rN+)
You are resistant to electric shocks. (rElec)
You can survive without breathing.
You are immune to petrification.
You are immune to rotting.


Message History

* * * LOW HITPOINT WARNING * * *
You slash the mummy!
You destroy the mummy!
Trog accepts your kill.
You hit the killer bee zombie. You slash the mummy!
The killer bee zombie hits you but does no damage. x2
An adder zombie comes into view.
The killer bee zombie hits you.
* * * LOW HITPOINT WARNING * * *
The mummy completely misses you.
The killer bee zombie hits you but does no damage. x2
The mummy hits you but does no damage.
You closely miss the mummy.
The mummy is heavily damaged.
You miss the killer bee zombie.
The killer bee zombie hits you but does no damage.
The killer bee zombie closely misses you.
The killer bee zombie hits you but does no damage.
The mummy hits you!
You die... #.# '.# #MM ZZ# ##M### ZZZ.

###M#####
#.'@#..∩#
###Z'.∩.#
#.'.#...#
###.#####
+.. #'#
#.# ###


You could see 3 mummies, a bog mummy, an adder zombie, a hound zombie, 2 worker
ant zombies, a killer bee zombie and a howler monkey zombie.

Vanquished Creatures
  A phantom (D:4)
  A crimson imp (D:5)
  A bullfrog zombie (D:5)
  A centaur zombie (Ossuary)
  An orc priest (D:3)
  An iguana (D:4)
  4 worker ants
  6 mummies (Ossuary)
  A howler monkey zombie (D:5)
  4 adders
  An ooze (D:1)
  An adder zombie (D:5)
  A worm (D:2)
  3 dart slugs
  2 leopard geckos (D:3)
  4 orcs (D:3)
  2 ball pythons
  3 giant cockroaches
  5 goblins
  13 hobgoblins
  17 jackals
  4 quokkas
  10 bats
  6 frilled lizards
  8 kobolds
  11 rats
112 creatures vanquished.

Vanquished Creatures (others)
  A withered plant (Ossuary)
1 creature vanquished.

Grand Total: 113 creatures vanquished

Notes
Turn   | Place    | Note
-------+----------+-------------------------------------------
     0 | D:1      | Fang the Gargoyle Berserker began the quest for the Orb.
     0 | D:1      | Reached XP level 1. HP: 14/14 MP: 1/1
    61 | D:1      | Reached XP level 2. HP: 15/19 MP: 2/2
   165 | D:1      | Reached XP level 3. HP: 8/23 MP: 3/3
   366 | D:1      | Reached ** piety under Trog
  1102 | D:2      | Reached XP level 4. HP: 29/29 MP: 4/4
  1157 | D:2      | Reached skill level 4 in Fighting
  1307 | D:2      | Reached *** piety under Trog
  1745 | D:3      | Reached XP level 5. HP: 29/33 MP: 5/5
  2285 | D:3      | Found a white marble altar of Elyvilon.
  2427 | D:3      | Found a basalt altar of Yredelemnul.
  2609 | D:4      | Reached XP level 6. HP: 23/39 MP: 6/6
  2676 | D:4      | Noticed a phantom
  2686 | D:4      | Killed a phantom
  2766 | D:4      | Found a staircase to the Ecumenical Temple.
  2785 | Temple   | Entered the Ecumenical Temple
  3077 | D:5      | Entered Level 5 of the Dungeon
  3164 | D:5      | Reached **** piety under Trog
  3212 | D:5      | Reached skill level 5 in Fighting
  3212 | D:5      | Reached XP level 7. HP: 40/44 MP: 7/7
  3317 | D:5      | Found a sand-covered staircase.
  3353 | Ossuary  | Entered an ossuary
  3392 | Ossuary  | HP: 2/44 [killer bee zombie (4)]
  3394 | Ossuary  | Slain by a mummy

Skill      XL: |  1  2  3  4  5  6 |
---------------+-------------------+-----
Axes           | 3 4 |  4.3
Dodging        | 2 3 |  3.5
Armour         | 3 4 |  4.6
Fighting       | 4 5 |  5.3

Action                   |  1- 3 |  4- 6 |  7- 9 || total
-------------------------+-------+-------+-------++-------
Melee: Hand axe          |   159 |   311 |    52 ||   522
Invok: Berserk           |     1 |     2 |     1 ||     4
       Trog's Hand       |       |       |     1 ||     1
  Eat: Chunk             |     2 |     8 |     2 ||    12
Armor: Animal skin       |    27 |       |       ||    27
       Plate armour      |    49 |   218 |    59 ||   326
Dodge: Dodged            |   103 |   114 |    37 ||   254
